 Dungeon Crawl Stone Soup version 0.26-a0-498-g0fdccc9 (webtiles) character file.

Game seed: 511240533548455160

65 ChiliFlavouring the Skirmisher (level 3, 25/33 HPs)
             Began as a Draconian Berserker on May 23, 2020.
             Was a Believer of Trog.
             Quit the game on level 2 of the Dungeon on Aug 6, 2020.
             The game lasted 00:04:00 (941 turns).

ChiliFlavouring the Skirmisher (Draconian Berserker) Turns: 941, Time: 00:04:00

Health: 25/33      AC:  5    Str: 20    XL:     3   Next: 94%
Magic:  3/3        EV: 13    Int:  7    God:    Trog [**....]
Gold:   40         SH:  0    Dex: 10    Spells: 2/2 levels left

rFire    . . .     SeeInvis .   a - +0 spear
rCold    . . .     Faith    .   (no shield)
rNeg     . . .     Spirit   .   (armour unavailable)
rPois    .         Reflect  .   (helmet restricted)
rElec    .         Harm     .   (no cloak)
rCorr    .                      (no gloves)
MR       .....                  (no boots)
Stlth    +.........             (no amulet)
HPRegen  0.11/turn              (no ring)
MPRegen  0.08/turn              (no ring)

@: no status effects
A: unfitting armour, cold-blooded, AC +5
a: Berserk, Trog's Hand, Renounce Religion


You were on level 2 of the Dungeon.
You worshipped Trog.
Trog was pleased with you.
You visited 1 branch of the dungeon, and saw 2 of its levels.

You collected 40 gold pieces.

Inventory:

Hand Weapons
 a - a +0 spear (weapon)
Jewellery
 c - an uncursed ring of protection from magic {unknown}
Scrolls
 e - a scroll of identify {unknown}
 g - a scroll of enchant armour {unknown}
 h - a scroll of amnesia {unknown}
 j - 2 scrolls of teleportation {unknown}
Potions
 f - 2 potions of ambrosia {unknown}
 i - 2 potions of curing {unknown}
Comestibles
 b - 4 removed foods
 d - 2 removed foods


   Skills:
 + Level 4.1 Fighting
 + Level 3.7 Polearms
 + Level 3.3 Dodging


You had 2 spell levels left.
You didn't know any spells.
Your spell library was empty.

Dungeon Overview and Level Annotations

Branches:
Dungeon (2/15)

Altars:


Innate Abilities, Weirdness & Mutations

Your plain brown scales are hard. (AC +5)
You cannot fit into any form of body armour.
You are cold-blooded and may be slowed by cold attacks.


Message History

The kobold is too close now for your liking.
The kobold shouts!
Attack whom?
Press: ? - help, Dir - move target cursor, f - kobold
Aim: a kobold You reach to attack!
You closely miss the kobold. You closely miss the kobold. You hit the kobold.
You kill the kobold!
Trog accepts your kill.
No target in view!
No target in view!
You start resting.
A giant cockroach comes into view.
The giant cockroach moves out of view.
Saving game... please wait.
Welcome back, ChiliFlavouring the Draconian Berserker.
Trog says: Kill them all!
Press ? for a list of commands and other information.
Are you sure you want to abandon this character and quit the game? (Confirm with "yes".)

................
#.....#.........?# ##..
..#................# ...
....#..............##..
#.#.....<............####
.............>...........
.......................
.....#...#.........#.#
........#@†..........#
....#.....##......<.####..
##. #.#....!.....$.......#
#.#.......##.....#.######
............[...#...
....##.........#.####..
.... ..####....#.# ## .#
### ##...... ###..#.


There were no monsters in sight!

Vanquished Creatures
  A gnoll (D:1)
  An adder (D:2)
  A worm (D:2)
  A dart slug (D:1)
  4 leopard geckos (D:1)
  2 ball pythons
  A giant cockroach (D:1)
  3 goblins
  6 hobgoblins (D:1)
  2 jackals (D:1)
  6 bats
  2 frilled lizards (D:1)
  5 kobolds
  4 rats (D:1)
39 creatures vanquished.

Notes
Turn   | Place    | Note
-------+----------+-------------------------------------------
     0 | D:1      | ChiliFlavouring the Draconian Berserker began the quest for
                  | the Orb.
     0 | D:1      | Reached XP level 1. HP: 19/19 MP: 1/1
   161 | D:1      | Reached XP level 2. HP: 24/26 MP: 2/2
   371 | D:1      | Reached ** piety under Trog
   389 | D:1      | Reached XP level 3. HP: 32/33 MP: 3/3
   594 | D:2      | Reached skill level 4 in Fighting
   941 | D:2      | Upgraded the game from 0.25-a0-1137-g7f6bfe4 to
                  | 0.26-a0-498-g0fdccc9
   941 | D:2      | Quit the game

Illustrated notes

Levels and vault maps discovered:
D:1:      lightli_arrival_statue_moat, layout_rooms
D:2:      layout_rooms, minmay_misc_feat_enclosed, uniq_natasha

Skill      XL: |  1  2  3 |
---------------+----------+-----
Dodging        | 3 |  3.3
Fighting       | 4 |  4.1
Polearms       | |  3.7

Action                   || total
-------------------------++-------
Melee: Spear             ||   107
       Tailslap          ||     7
 Stab: Sleeping          ||     2
Armor: Skin              ||    22
Dodge: Dodged            ||    49

Table legend: (Time is in decaauts)
 A = Elapsed time spent in this place.
 B = Non-inter-level travel time spent in this place.
 C = Inter-level travel time spent in this place.
 D = Time resting spent in this place.
 E = Time spent auto-exploring this place.
 F = Levels seen in this place.
 G = Mean time per level.
                   A        B        C        D        E       F      G
               +--------+--------+--------+--------+--------+-----+--------+
         Total |    934 |    921 |     13 |    124 |    609 |   2 |  467.0 |
       Dungeon |    934 |    921 |     13 |    124 |    609 |   2 |  467.0 |
               +--------+--------+--------+--------+--------+-----+--------+
